 Dungeon Crawl Stone Soup version 0.32-a0-931-g5a2cda0630 (webtiles) character file.

Game seed: 2217630886849390417

25 LadyBoffin the Insei (level 3, 0/34 HPs)
             Began as an Octopode Shapeshifter on Apr 14, 2024.
             Succumbed to a goblin's poison
             ... on level 2 of the Dungeon.
             The game lasted 00:02:18 (1024 turns).

LadyBoffin the Insei (Octopode Shapeshifter)        Turns: 1024, Time: 00:02:19

Health: 0/34       AC: 21    Str: 13    XL:     3   Next: 6%
Magic:  3/3        EV:  2    Int: 12    God:
Gold:   66         SH:  0    Dex: 13    Spells: 2/2 levels left

rFire   . .          .
                       - Unarmed
rCold   . . .        (no shield)
rNeg    . . .        (helmet currently unavailable)
rPois   +            (no amulet)
rElec   .            (no ring)
rCorr   .            (no ring)
SInv    .            (no ring)
Will    .....        (no ring)
Stlth   +            (no ring)
HPRegen 0.25/turn    (no ring)
MPRegen 0.08/turn    (no ring)
                     (no ring)

%: no passive effects
@: mighty, lethally poisoned (0 -> -8), tree-form
A: stationary, stasis, torment immunity, boosted hp, almost no armour,
(amphibious), 8 rings, (camouflage 1), (gelatinous body 1), (nimble swimmer 1),
(tentacles)
a: no special abilities


You were on level 2 of the Dungeon.
You were a tree.
You visited 1 branch of the dungeon, and saw 2 of its levels.

You collected 66 gold pieces.

Inventory:

Talismans
 b - a beast talisman
 c - a flux talisman (active)
Scrolls
 d - a scroll of fog {unknown}
 f - 2 scrolls of identify {unknown}
 g - a scroll of blinking {unknown}
 h - a scroll of brand weapon {unknown}


   Skills:
 + Level 1.0 Fighting
 + Level 2.2 Dodging
 + Level 0.2 Stealth
 + Level 3.5 Unarmed Combat
 + Level 3.4 Shapeshifting


You had 2 spell levels left.
You didn't know any spells.
Your spell library contained the following spells:

 Spells                   Type           Power      Damage    Failure   Level
 Hailstorm                Conj/Ice       0%         3d5       69%         3
 Summon Ice Beast         Ice/Summ       0%         N/A       69%         3
 Permafrost Eruption      Ice/Erth       0%         2x4d1     100%        6
 Sculpt Simulacrum        Ice/Alch       0%         N/A       100%        6


Dungeon Overview and Level Annotations

Branches:
Dungeon (2/15)

Altars:

Annotations:
D:2 Robin


Innate Abilities, Weirdness & Mutations

You are a tree.
Your roots penetrate the ground, keeping you stationary.
You cannot be teleported.
You are immune to unholy pain and torment.
Your maximum health is greatly increased.
You cannot wear most types of armour.
((You are amphibious.))
You can wear up to eight rings at the same time.
((Your skin changes colour to match your surroundings (Stealth+).))
((Your rubbery body absorbs attacks. (AC +1, EV +1)))
((You are camouflaged when in or above water. (Stealth+)))
((You have tentacles for arms and can constrict up to eight enemies at once.))


Message History

You tentacle-slap the goblin.
The goblin begins to glow.
You grab the goblin. You squeeze the goblin.
You kill the goblin!
A goblin comes into view. It is wielding a +0 dagger.
You tentacle-slap the hobgoblin.
The hobgoblin begins to glow.
Your grab misses the hobgoblin. You squeeze the hobgoblin.
You kill the hobgoblin!
Robin throws the goblin at you! The goblin closely misses you.
You tentacle-slap the goblin.
The goblin begins to glow.
You grab the goblin.
The goblin is severely wounded.
You constrict the goblin.
You kill the goblin!
A goblin comes into view. It is wielding a +2 dagger of venom.
You have reached level 3!
Your experience leads to an increase in your attributes!
Increase (S)trength, (I)ntelligence, or (D)exterity?
You feel agile. x2
The goblin shouts!
You tentacle-slap the hobgoblin.
The hobgoblin begins to glow.
You grab the hobgoblin.
The hobgoblin is almost dead.
You constrict the hobgoblin.
You kill the hobgoblin!
Robin throws the goblin at you!
The goblin hits you with a +2 dagger of venom.
* * * LOW HITPOINT WARNING * * *
You are lethally poisoned!
A goblin comes into view. It is wielding a +0 club.
The goblin closely misses you.
Things that are here:
a +0 club; a +0 club; a hobgoblin corpse It was a potion of might.
You feel very mighty all of a sudden.
* * * LOW HITPOINT WARNING * * *
You feel very sick.
The goblin shouts!
The goblin misses you. The goblin barely misses you.
Your transformation has ended.
You turn into a tree.
Your roots penetrate the ground.
You die...

#....###.#
#.<......#
#.######.#
#########.#
#.........#
#.......###
#######.#
#g# #♣# #g#
#g# #g# #g#
#g# .g. #.#


You could see Robin and 6 goblins.

Vanquished Creatures
  A dart slug (D:2)
  3 endoplasms (D:1)
  A giant cockroach (D:1)
  3 goblins
  3 hobgoblins
  A quokka (D:2)
  2 ball pythons (D:1)
  3 bats
  5 rats (D:1)
22 creatures vanquished.

Notes
Turn   | Place    | Note
-------+----------+-------------------------------------------
     0 | D:1      | LadyBoffin the Octopode Shapeshifter began the quest for
                  | the Orb.
     0 | D:1      | Reached XP level 1. HP: 13/13 MP: 1/1
   412 | D:1      | Reached XP level 2. HP: 11/18 MP: 2/2
  1016 | D:2      | Noticed Robin
  1021 | D:2      | Reached XP level 3. HP: 8/23 MP: 3/3
  1024 | D:2      | Succumbed to a goblin's poison

Illustrated notes

Levels and vault maps discovered:
D:1:      dpeg_arrival_ratfight, layout_rooms, grunt_decor_one_mirror,
          nicolae_titane
D:2:      layout_loops_ring, uniq_robin

Action                     || total
---------------------------++-------
  Melee: Unarmed           ||    36
         Tentacles         ||    13
         Constrict         ||    14
    Use: Potion            ||     2
   Stab: Sleeping          ||     1
 Armour: Skin              ||    17
  Dodge: Dodged            ||    17
   Form: Flux              ||     1

Table legend: (Time is in decaauts)
 A = Elapsed time spent in this place.
 B = Non-inter-level travel time spent in this place.
 C = Inter-level travel time spent in this place.
 D = Time resting spent in this place.
 E = Time spent auto-exploring this place.
 F = Levels seen in this place.
 G = Mean time per level.
                   A        B        C        D        E       F      G
               +--------+--------+--------+--------+--------+-----+--------+
         Total |   1021 |    976 |     45 |    391 |    439 |   2 |  510.5 |
       Dungeon |   1021 |    976 |     45 |    391 |    439 |   2 |  510.5 |
               +--------+--------+--------+--------+--------+-----+--------+

Top non-repeatable levels by time:
     D:1: 955 daAuts
     D:2: 66 daAuts
